Unix NetHack Version 5.0.0-0 post-release - last build May 10 2026 23:12:36 (d1fa5d53e341ca933230fdaa984d921c805b60aa,branch:main).

Game began 2026-05-12 16:11:04, ended 2026-05-12 18:52:27.

Iaguwruvs, lawful female dwarven Valkyrie

                                                      ---------          ----
                                                     --.......------  ---..<|
                                                     |..--.........|---.....|
                                                     |..|  -------.|....|..--
                                                     ----     ----.....-|.-
                                                    -----     |.........|--
                                                   --...-  -..|....|.----
                                            |.| ----.....|....|..- ---
                                            -.---.............|..|
                                            ...........---......--
                                            .......|...|........|
                         ..                  --...-------....----
                           .. |..-  |...-   .|...--     --...|   .---
                              .@.. .|....- .....--      ---..| .......
                              --:?..G...G.--..-----+---+-..... .......
                              |``.....G...|......`........---- ...{...
                              |..--`........---------.--+--    .......
                              ------.......--  |(((.|.|        .......
                                   ---...---   |(((.-.|         ---..
                                               |(((.|--
                                               -----
Iaguwruvs the Skirmisher    St:15 Dx:13 Co:20 In:9 Wi:9 Ch:9  Lawful S:1272
Dlvl:6  $:418 HP:0(47) Pw:5(5) AC:0  Xp:4 T:2824  Hungry   Burdened

Latest messages:
 The giant ant bites!
 The giant ant bites!
 The giant ant misses!
 You hit the giant ant!
 The giant ant misses!
 The giant ant bites!
 You miss the giant ant.
 The giant ant misses!
 The giant ant misses!
 You miss the giant ant.
 The giant ant bites!
 The giant ant bites!
 The giant ant bites!
 You miss the giant ant.
 The giant ant bites!
 The giant ant bites!
 The giant ant bites!
 What do you want to write with? [- abhnuvE-H or ?*]
 You write in the dust with your fingertip.
 The giant ant turns to flee.
 What do you want to write with? [- abhnuvE-H or ?*]
 You write in the dust with your fingertip.
 The giant ant turns to flee.
 What do you want to write with? [- abhnuvE-H or ?*]
 You write in the dust with your fingertip.
 The giant ant turns to flee.
 The giant ant turns to flee.
 The gecko bites!
 The gecko bites!
 The gecko bites!
 You hear someone praising Tyr.
 What do you want to write with? [- abhnuvE-H or ?*]
 You write in the dust with your fingertip.
 The giant ant misses!
 You miss the giant ant.
 The giant ant misses!
 The gecko bites!
 The giant ant misses!
 The giant ant misses!
 You hear a door open.
 You kill the giant ant!
 The gecko misses!
 The gecko misses!
 The gecko bites!
 You die...
 Do you want your possessions identified? [ynq] (y)
 Do you want to see your attributes? [ynq] (y)
 Do you want an account of creatures vanquished? [ynaq] (y)
 Do you want to see your conduct and achievements? [ynq] (y)
 Do you want to see the dungeon overview? [ynq] (y)

Inventory:
 Coins    ('$')
  $ - 418 gold pieces
 Weapons  (')')
  u - 5 +1 darts
  b - 2 +0 daggers (at the ready)
  a - a corroded +1 dwarvish spear (weapon in right hand)
  h - a +0 silver dagger
 Armor    ('[')
  c - an uncursed +3 small shield (being worn)
  e - an uncursed +0 cloak of invisibility
  L - an uncursed +0 robe (being worn)
  x - a cursed -1 elven mithril-coat named cursed
  z - an uncursed +0 orcish chain mail (being worn)
 Comestibles  ('%')
  d - 3 uncursed food rations
 Scrolls  ('?')
  i - an uncursed scroll of confuse monster named 50
  B - an uncursed scroll of enchant armor
  D - an uncursed scroll of enchant weapon
  j - an uncursed scroll of scare monster named 50
 Spellbooks  ('+')
  C - an uncursed spellbook of sleep
 Potions  ('!')
  I - an uncursed potion of acid
  r - an uncursed potion of blindness named 75
  p - an uncursed potion of full healing named 100
  s - an uncursed potion of gain level named gain level/ability or paralysis
  g - a blessed potion of hallucination named 50
  l - an uncursed potion of healing named healing
  k - a cursed potion of monster detection named 75
  K - an uncursed potion of oil
  N - an uncursed potion of speed
  q - a potion of unholy water named holy or unholy water
 Rings    ('=')
  n - a cursed -1 ring of gain constitution named cursed 75
  v - a cursed ring of shock resistance named cursed 75
  H - an uncursed ring of warning
 Tools    ('(')
  J - an uncursed blindfold
  G - a magic marker (0:98)
  f - an uncursed mirror
 Gems/Stones  ('*')
  E - an uncursed worthless piece of white glass
  F - an uncursed worthless piece of yellowish brown glass

Iaguwruvs the Valkyrie's attributes:

Background:
 You were a Skirmisher, a level 4 dwarven Valkyrie.
 You were lawful, nominally on a mission for Tyr
 who was opposed by Odin (neutral) and Loki (chaotic).
 You were right-handed.
 You were in the Gnomish Mines, on level 6.
 You entered the dungeon 2824 turns ago.
 You had 151 experience points, 9 more were needed to attain level 5.
 Your score was 1272 before end-of-game adjustments.

Basics:
 You had 0 out of 47 hit points.
 You had all 5 energy points (spell power).
 Your armor class was 0.
 Your wallet contained 418 zorkmids.
 Autopickup was on for '$"/?!=+' plus thrown, with exceptions.

Final Characteristics:
 Your strength was 15 (limit:18/100).
 Your dexterity was 13 (limit:20).
 Your constitution was 20 (limit:20).
 Your intelligence was 9 (limit:16).
 Your wisdom was 9 (limit:16).
 Your charisma was 9 (limit:16).

Final Status:
 You were hungry.
 You were burdened; movement was slightly slowed.
 You were wielding a spear.
 You had basic skill with spear.

Final Attributes:
 You were piously aligned.
 You were cold resistant.
 You had infravision.
 You were stealthy.
 You were guarded.
 You are dead.

Miscellaneous:
 You didn't encounter any bones levels.
 Total elapsed playing time was 1 hour, 2 minutes and 42 seconds.

Major events:
 Turn
    1: Iaguwruvs the lawful dwarven Valkyrie entered the dungeon
 1359: attained the rank of Skirmisher (level 3)
 1880: entered the Gnomish Mines
 2373: reached Mine Town
 2824: killed by a gecko

You didn't know any spells.

Skills:
 Fighting Skills
   bare handed combat [Unskilled]
   two weapon combat  [Unskilled]
   riding             [Unskilled]
 Weapon Skills
   dagger             [Basic]
   axe                [Unskilled]
   pick-axe           [Unskilled]
   short sword        [Unskilled]
   broadsword         [Unskilled]
   long sword         [Unskilled]
   two-handed sword   [Unskilled]
   saber              [Unskilled]
   hammer             [Unskilled]
   quarterstaff       [Unskilled]
   polearms           [Unskilled]
   spear              [Basic]
   trident            [Unskilled]
   lance              [Unskilled]
   sling              [Unskilled]
 Spellcasting Skills
   attack spells      [Unskilled]
   escape spells      [Unskilled]

Voluntary challenges:
 Character rerolling was not enabled.
 You were an atheist.
 You never genocided any monsters.
 You never polymorphed an object.
 You never changed form.
 You used no wishes.
Achievements:
 You entered a shop.
 You attained the rank of Skirmisher.
 You entered the Gnomish Mines.
 You entered Minetown.

 The Dungeons of Doom: levels 1 to 3
    Level 1:
       Some fountains, a grave.
    Level 2:
       A general store.
    Level 3:
       Stairs down to The Gnomish Mines.
 The Gnomish Mines: levels 4 to 6
    Level 4:
    Level 5:
    Level 6: <- You were here.
       A lighting shop, a fountain.
       Final resting place for
          you, killed by a gecko.


Vanquished creatures:
  a small mimic
  2 gnome leaders
  a gray ooze
  a giant ant
  a floating eye
  a homunculus
  a rothe
 an acid blob
  a hobbit
  2 giant rats
  a green mold
  a red mold
  7 gnomes
  4 geckos
  4 jackals
  4 foxes
  2 kobolds
  3 sewer rats
  4 grid bugs
  4 lichens
  4 newts
50 creatures vanquished.

No species were genocided or became extinct.

Game over:
                       ----------
                      /          \
                     /    REST    \
                    /      IN      \
                   /     PEACE      \
                  /                  \
                  |    Iaguwruvs     |
                  |      418 Au      |
                  |   killed by a    |
                  |      gecko       |
                  |                  |
                  |                  |
                  |       2026       |
                 *|     *  *  *      | *
        _________)/\\_//(\/(/\)/\//\/|_)_______

Farvel Iaguwruvs the Valkyrie...

You died in The Gnomish Mines on dungeon level 6 with 1231 points,
and 418 pieces of gold, after 2824 moves.
You were level 4 with a maximum of 47 hit points when you died.

